 Dungeon Crawl Stone Soup version 0.21.0 (webtiles) character file.

511 tidbits the Jinx (level 6, -3/24 HPs)
             Began as a Felid Earth Elementalist on Jan 6, 2018.
             Was a Follower of Wu Jian.
             Slain by a wolf (10 damage)
             ... led by Grum
             ... on level 8 of the Dungeon.
             The game lasted 00:17:21 (1942 turns).

tidbits the Jinx (Felid Earth Elementalist)         Turns: 1942, Time: 00:17:22

Health: -3/24      AC:  2    Str: 11    XL:     6   Next: 99%
Magic:  3/10       EV: 18    Int: 16    God:    Wu Jian [*.....]
Gold:   188        SH:  0    Dex: 17    Spells: 2/9 levels left
                                        Lives:  0   Deaths: 2

rFire    . . .     SeeInvis +     - Unarmed
rCold    . . .     Gourm    .   (shield unavailable)
rNeg     . . .     Faith    .   (armour unavailable)
rPois    .         Spirit   .   (helmet unavailable)
rElec    .         Reflect  .   (cloak unavailable)
rCorr    .         Harm     +   (gloves unavailable)
MR       .....                  (boots unavailable)
Stlth    ++++......             e - amulet of harm
HPRegen  0.08/turn              (no ring)
MPRegen  0.12/turn              (no ring)

@: mighty, quick
A: very small, no armour, no weapons or thrown items, stealth, claws 1, fangs 3,
see invisible, carnivore, speed 1, shaggy fur 2, slow metabolism 1, sharp paws
a: Renounce Religion


You were on level 8 of the Dungeon.
You worshipped Wu Jian.
Wu Jian was aware of your devotion.
You were not hungry.

You visited 1 branch of the dungeon, and saw 8 of its levels.

You collected 188 gold pieces.

Inventory:

Missiles
 b - 61 stones
Jewellery
 e - an amulet of harm (around neck)
   (You found it on level 5 of the Dungeon)
Scrolls
 f - 4 scrolls of amnesia
 r - 5 scrolls of remove curse
Potions
 g - a potion of lignification {unknown}
 k - a potion of magic
Books
 d - a book of Geomancy

   Spells                             Type                      Level
   a - Sandblast                      Earth                        1
   b - Passwall                       Transmutation/Earth          2
   c - Stone Arrow                    Conjuration/Earth            3
   d - Petrify                        Transmutation/Earth          4
   e - Lee's Rapid Deconstruction     Earth                        5
 l - a book of Misfortune
   (You found it on level 4 of the Dungeon)

   Spells                             Type                      Level
   a - Confusing Touch                Hexes                        1
   b - Confuse                        Hexes                        3
   c - Gell's Gravitas                Translocation                3
   d - Petrify                        Transmutation/Earth          4
   e - Metabolic Englaciation         Hexes/Ice                    5
   f - Yara's Violent Unravelling     Hexes/Transmutation          5
Comestibles
 c - 8 rations


   Skills:
 - Level 2.6 Dodging
 + Level 6.3 Stealth
 * Level 4.4 Unarmed Combat
 - Level 2.0 Spellcasting
 - Level 8.7 Hexes
 - Level 1.1 Transmutations
 - Level 2.6 Earth Magic


You had 2 spell levels left.
You knew the following spells:

 Your Spells              Type           Power        Failure   Level  Hunger
a - Sandblast             Erth           ##....       7%          1    #......
c - Confuse               Hex            ####....     1%          3    ###....
p - Passwall              Tmut/Erth      #.........   14%         2    ###....
t - Confusing Touch       Hex            ####..       1%          1    #......


Dungeon Overview and Level Annotations

Branches:
Dungeon (8/15)             Temple (0/1) D:6
   Lair: D:8-11

Altars:
Makhleb
Qazlal
Wu Jian
Zin

Shops:
D:4 }

Annotations:
D:4 Nicoed's ghost, amateur OpTm
D:5 Blork the orc
D:6 Grinder


Innate Abilities, Weirdness & Mutations

You cannot wear armour.
You are incapable of wielding weapons or throwing items.
Your paws allow you to move quietly. (Stealth)
You have sharp claws.
You have razor-sharp teeth.
You have supernaturally acute eyesight. (SInv)
You are carnivorous and can eat meat at any time.
You cover ground quickly.
You are covered in thick fur. (AC +2)
You have a slow metabolism.
Your sharp claws are effective at attacking unaware monsters.


Message History

You scratch the ice beast but do no damage.
The ice beast is almost dead.
You scratch the ice beast but do no damage.
The ice beast is almost dead.
You scratch the ice beast.
You kill the ice beast!
The Council accepts your kill.
Your Unarmed Combat skill increases to level 3!
You have reached level 7!
Extra life!
You see here an animal skin.
Found a staircase to the Ecumenical Temple.
There is a stone staircase leading down here.
You climb downwards.
There is a stone staircase leading up here.
A phantom comes into view.
Casting: Confuse
Confirm with . or Enter, or press ? or * to list all spells.
Your paws begin to glow red.
The phantom blinks!
You barely miss the phantom. The phantom barely misses you.
You scratch the phantom but do no damage.
The phantom appears confused.
You closely miss the phantom. The phantom closely misses you.
You scratch the phantom.
The phantom is lightly damaged.
The phantom hits you!
You die...
You are now level 6!
You rejoin the land of the living...
Found a stone staircase leading down.
There is a stone staircase leading down here.
You climb downwards. 2 wolves and Grum come into view.
Grum growls angrily.
The wolf howls!
You hear an angry hiss.
Found 2 scrolls of remove curse.
There is a stone staircase leading up here.
Grum shouts, "Release the hounds!"
Found 16 stones.
Casting: Confusing Touch
Confirm with . or Enter, or press ? or * to list all spells.
Aiming: Confuse
Press: ? - help, Shift-Dir - straight line, f - Grum
Aim: Grum, wielding a spear and wearing a runed animal skin (chance to defeat MR: 67%) Grum appears confused.
Grum misses the wolf.
You lunge at Grum.
You catch the helpless Grum completely off-guard!
You claw Grum!
Grum is heavily wounded.
Grum misses the wolf.
You scratch Grum.
Grum is severely wounded.
Grum closely misses the wolf.
You barely miss Grum. You claw Grum, but do no damage.
You bite Grum, but do no damage.
Grum is severely wounded.
Grum hits you with a spear.
An adder comes into view.
You catch the helpless Grum completely off-guard!
You claw Grum!
You kill Grum!
The Council accepts your kill.
Your Stealth skill increases to level 6!
Your Unarmed Combat skill increases to level 4!
The wolf barely misses you.
Casting: Confuse
Confirm with . or Enter, or press ? or * to list all spells.
Aiming: Confuse
Press: ? - help, Shift-Dir - straight line, f - wolf
Aim: a wolf (chance to defeat MR: 58%)
The wolf resists with significant effort.
The adder hisses angrily.
The wolf barely misses you.
Casting: Confuse
Confirm with . or Enter, or press ? or * to list all spells.
Aiming: Confuse
Press: ? - help, Shift-Dir - straight line, f/p - wolf
Aim: a wolf (chance to defeat MR: 58%)
The wolf appears confused.
The wolf misses the wolf.
You scratch the wolf but do no damage. The wolf closely misses you.
You scratch the wolf.
The wolf is lightly wounded.
The wolf closely misses the wolf.
You closely miss the wolf.
The wolf is lightly wounded.
The wolf closely misses you. The wolf bites you!
* * * LOW HITPOINT WARNING * * *
You closely miss the wolf.
The wolf is lightly wounded.
It was a potion of might.
You feel very mighty all of a sudden.
The wolf closely misses the wolf.
You catch the helpless wolf completely off-guard!
You mangle the wolf!!
You kill the wolf!
The Council accepts your kill. The wolf bites you but does no damage.
You claw the wolf!
The wolf is heavily wounded.
The wolf bites you!
You die...

### ###
###.#####.#
#..<.Sh@..#
#.#.#####.#
...h.. #.#
..##..#.#
#(# .. #..
.# #.# .
#.. .# #.#
#.. .# #.#
#.. .# #.#
#.#


You could see a wolf and an adder.

Vanquished Creatures
  Pikel (D:6)
  Eustachio (D:6)
  Grum (D:8)
  A slave (D:6)
  An ice beast (D:6)
  A wolf (D:8)
  A howler monkey (D:6)
  A bullfrog zombie (D:3)
  A hound (D:4)
  3 adders
  A shadow imp (D:6)
  An ooze (D:1)
  3 worms
  A dart slug (D:1)
  3 leopard geckos
  A bat (D:3)
  4 giant cockroaches
  3 goblins
  6 hobgoblins
  3 jackals (D:3)
  2 ball pythons (D:1)
  2 frilled lizards
  A kobold (D:2)
  A quokka zombie (D:5)
  A rat (D:1)
45 creatures vanquished.

Vanquished Creatures (others)
  A slave (D:6)
1 creature vanquished.

Grand Total: 46 creatures vanquished

Notes
Turn   | Place    | Note
-------+----------+-------------------------------------------
     0 | D:1      | tidbits the Felid Earth Elementalist began the quest for the Orb.
     0 | D:1      | Reached XP level 1. HP: 7/7 MP: 4/4
     3 | D:1      | Noticed an electric eel
     3 | D:1      | Noticed an electric eel
    29 | D:1      | Reached skill level 3 in Stealth
   119 | D:2      | Found an ornate altar of the Wu Jian Council.
   129 | D:2      | Became a worshipper of the Wu Jian Council
   161 | D:2      | Reached skill level 1 in Unarmed Combat
   167 | D:2      | Reached XP level 2. HP: 11/11 MP: 0/6
   171 | D:2      | Learned a level 2 spell: Passwall
   395 | D:1      | Reached skill level 4 in Stealth
   400 | D:1      | Reached XP level 3. HP: 10/14 MP: 0/7
   462 | D:2      | Reached skill level 2 in Unarmed Combat
   555 | D:4      | Noticed Nicoed's ghost (amateur OpTm)
   610 | D:3      | Reached XP level 4. HP: 18/18 MP: 2/8
   796 | D:2      | Reached * piety under Wu Jian
   828 | D:2      | Reached skill level 5 in Stealth
  1064 | D:3      | Found a glowing silver altar of Zin.
  1096 | D:4      | Learned a level 1 spell: Confusing Touch
  1096 | D:4      | Found Teomnugu's Gadget Shop.
  1108 | D:5      | Entered Level 5 of the Dungeon
  1108 | D:5      | Noticed a phantom
  1147 | D:4      | Reached skill level 2 in Hexes
  1223 | D:5      | Learned a level 3 spell: Confuse
  1353 | D:6      | Found a stormy altar of Qazlal.
  1353 | D:6      | Noticed a bullfrog
  1353 | D:6      | Noticed an ice beast
  1357 | D:6      | Noticed a slave
  1365 | D:6      | Noticed a slave
  1366 | D:6      | Noticed a slave
  1366 | D:6      | Noticed Pikel
  1368 | D:6      | Noticed a slave
  1375 | D:6      | Killed a slave
  1463 | D:5      | Noticed a phantom
  1473 | D:5      | Noticed an ogre
  1488 | D:5      | Noticed a bullfrog
  1526 | D:5      | Noticed a centaur
  1556 | D:5      | Slain by a phantom
  1557 | D:5      | Reached XP level 3. HP: -5/14 MP: 1/7
  1577 | D:5      | Noticed an orc warrior
  1578 | D:5      | Noticed Blork the orc
  1598 | D:6      | Reached XP level 4. HP: 18/18 MP: 5/8
  1619 | D:6      | Noticed Grinder
  1634 | D:6      | Noticed a bullfrog
  1636 | D:6      | Noticed a bullfrog
  1641 | D:6      | Found a burning altar of Makhleb.
  1654 | D:6      | Reached skill level 3 in Hexes
  1754 | D:6      | Noticed Eustachio
  1794 | D:6      | Killed Pikel
  1794 | D:6      | Reached skill level 8 in Hexes
  1794 | D:6      | Reached XP level 5. HP: 13/21 MP: 6/9
  1794 | D:6      | Gained mutation: You are covered in thick fur. (AC +2) [Felid growth]
  1794 | D:6      | Reached XP level 6. HP: 15/24 MP: 6/10
  1825 | D:6      | Killed Eustachio
  1839 | D:6      | Killed a freed slave
  1855 | D:6      | Killed an ice beast
  1855 | D:6      | Reached skill level 3 in Unarmed Combat
  1855 | D:6      | Reached XP level 7. HP: 8/27 MP: 8/11
  1877 | D:6      | Found a staircase to the Ecumenical Temple.
  1913 | D:7      | Slain by a phantom
  1914 | D:7      | Reached XP level 6. HP: 0/24 MP: 10/10
  1921 | D:8      | Noticed Grum
  1933 | D:8      | Killed Grum
  1933 | D:8      | Reached skill level 6 in Stealth
  1933 | D:8      | Reached skill level 4 in Unarmed Combat
  1942 | D:8      | Slain by a wolf

Skill      XL: |  1  2  3  4  5  6 |
---------------+-------------------+-----
Stealth        | 3 4 5 6 |  6.3
Unarmed Combat | 1 2 4 |  4.4
Hexes          | 8 |  8.7
Dodging        | |  2.6
Spellcasting   | |  2.0
Transmutations | |  1.1
Earth Magic    | |  2.6

Action                   |  1- 3 |  4- 6 |  7- 9 || total
-------------------------+-------+-------+-------++-------
Melee: Unarmed           |    15 |   104 |     4 ||   123
       Bite              |     1 |    12 |       ||    13
       Punch             |       |     4 |       ||     4
 Cast: Sandblast         |    29 |    14 |       ||    43
       Passwall          |     1 |     1 |       ||     2
       Confuse           |       |    14 |       ||    14
       Confusing Touch   |       |     7 |     1 ||     8
Invok: Lunge             |     4 |    12 |       ||    16
       Whirlwind         |       |     7 |       ||     7
  Use: Scroll            |       |    11 |       ||    11
       Potion            |       |     6 |       ||     6
 Stab: Sleeping          |     7 |     7 |       ||    14
       Confused          |       |    11 |       ||    11
  Eat: Chunk             |     5 |     3 |       ||     8
Armor: Skin              |       |     6 |       ||     6
Dodge: Dodged            |    19 |    55 |     2 ||    76

Table legend:
 A = Turns spent in this place as a percentage of turns spent in the entire game.
 B = Non-inter-level travel turns spent in this place as a percentage of non-inter-level travel turns spent in the entire game.
 C = Inter-level travel turns spent in this place as a percentage of turns spent in this place.
 D = Turns resting spent in this place as a percentage of non-inter-level travel turns spent in this place.
 E = Turns spent auto-exploring this place as a percentage of non-inter-level travel turns spent in this place.
 F = Non-inter-level travel turns spent in this place divided by the number of levels of this place that you've seen.
                   A       B       C       D       E      F
               +-------+-------+-------+-------+-------+----------------------
         Total | 100.0 | 100.0 |   1.1 |   0.0 |   0.4 | 240.0
       Dungeon | 100.0 | 100.0 |   1.1 |   0.0 |   0.4 | 240.0
               +-------+-------+-------+-------+-------+----------------------

Table legend:
 A = Kills in this place as a percentage of kills in entire the game.
 B = Kills by you in this place as a percentage of kills by you in the entire game.
 C = Kills by friends in this place as a percentage of kills by friends in the entire game.
 D = Other kills in this place as a percentage of other kills in the entire game.
 E = Experience gained in this place as a percentage of experience gained in the entire game.
 F = Experience gained in this place divided by the number of levels of this place that you have seen.
                   A       B       C       D       E      F
               +-------+-------+-------+-------+-------+----------------------
         Total | 100.0 | 100.0 |   N/A |   N/A | 100.0 | 154.0
       Dungeon | 100.0 | 100.0 |   N/A |   N/A | 100.0 | 154.0
               +-------+-------+-------+-------+-------+----------------------

Vault maps used:
D:1:      arrival_aquarium_b
D:2:      lemuel_coloured_pillars_altar, lemuel_crystal_altar,
          minmay_misc_feat_cross
D:3:      lemuel_doored_altar, first_ration, minmay_quantized,
          uniq_crazy_yiuf_cottage, uniq_jessica
D:4:      serial_shops, shop, kennysheep_generic_room_4
D:5:      corexii_shantytown, grunt_dithmenos_shadows, minivault_14,
          kennysheep_donut, minmay_misc_feat_ornament, sword_in_stone
D:6:      overflow_temple_1_default, lemuel_crystal_altar,
          minmay_temple_entry_mist, basic_altar, uniq_grinder, uniq_eustachio,
          uniq_pikel
D:7:      tso_altar, uniq_duvessa
D:8:      old_standard_altar, lemuel_blue_sif_altar, minitemple, uniq_grum
